 Dungeon Crawl Stone Soup version 0.30.1-5-ged363bc7ee (webtiles) character file.

Game seed: 17382582131070816878

5085 dimizboga the Protected (level 10, -7/61 HPs)
             Began as a Tengu Berserker on Sept 19, 2023.
             Was a Priest of Trog.
             Killed by the air
             ... invoked by Gastronok
              (23 damage)
             ... on level 1 of the Lair of Beasts.
             The game lasted 00:51:11 (3752 turns).

dimizboga the Protected (Tengu Berserker)           Turns: 3752, Time: 00:51:12

Health: -7/61      AC: 11    Str: 27    XL:     10   Next: 57%
Magic:  11/11      EV: 11    Int:  7    God:    Trog [***...]
Gold:   217        SH:  0    Dex: 13    Spells: 9/9 levels left

rFire   + . .        u - +0 trident (freeze)
rCold   . . .        k - orb {mayhem}
rNeg    . . .        p - +0 plate armour
rPois   .            c - +0 hat "Ciagarug" {Contam rF+ Str+6}
rElec   .            (no cloak)
rCorr   .            f - +0 pair of gloves
SInv    .            (boots unavailable)
Will    ++...        l - amulet of regeneration Stlth
                     n - +4 ring of slaying
HPRegen 2.10/turn    (no ring)
MPRegen 0.12/turn

%: mayhem
@: strong-willed, flying quickly and evasively, regenerating, quick
A: beak, talons 3, nimble flight, deformed body, deterioration 1, weak 1, wild
magic 1
a: Renounce Religion, Berserk, Trog's Hand


You were on level 1 of the Lair of Beasts.
You worshipped Trog.
Trog was most pleased with you.
You visited 2 branches of the dungeon, and saw 7 of its levels.

You collected 217 gold pieces.

Inventory:

Hand Weapons
 a - a +1 spear
 b - a +1 whip of flaming
 u - a +0 trident of freezing (weapon)
 v - a +2 flail of protection
 y - a +1 flail of holy wrath
Missiles
 d - 58 stones
 g - 15 poisoned darts
 x - 3 boomerangs (quivered)
Armour
 c - the +0 hat "Ciagarug" (worn) {Contam rF+ Str+6}
   (You acquired it on level 8 of the Dungeon)

   Str:       It affects your strength (+6).
   rF:        It protects you from fire.
   Contam:    It causes magical contamination when unequipped.
 f - a +0 pair of gloves (worn)
 h - a +1 scale mail
 k - an orb of mayhem (worn)
 p - a +0 plate armour (worn)
Jewellery
 e - an amulet of magic regeneration
 l - an amulet of regeneration (around neck)
 n - a +4 ring of slaying (left hand)
 t - a ring of ice
Wands
 j - a wand of iceblast (18)
 q - a wand of digging (5)
Scrolls
 i - 4 scrolls of teleportation
 m - a scroll of enchant weapon
 o - a scroll of magic mapping


   Skills:
 + Level 6.7 Fighting
 + Level 10.8 Polearms
 * Level 11.1 Armour
 + Level 4.4 Dodging


You had 9 spell levels left.
You didn't know any spells.
Your spell library was empty.

Dungeon Overview and Level Annotations

Branches:
Dungeon (8/15)               Lair (1/5) D:8
 Temple: D:4-7

Altars:

Shops:
D:2 *

Annotations:
Lair:1 Gastronok


Innate Abilities, Weirdness & Mutations

You have a beak for a mouth.
You have claws for feet.
Your magical nature lets you fly swiftly and evasively.
Armour fits poorly on your strangely shaped body.
Your body sometimes deteriorates upon taking damage.
You are weak. (Str -2)
Your spells are a little harder to cast, but a little more powerful.


Message History

The steam dragon bites you but does no damage.
The steam dragon claws you.
You puncture the steam dragon! You freeze the steam dragon.
You claw the steam dragon.
You kill the steam dragon!
Trog accepts your kill.
You start resting.
Gastronok the Ponderous comes into view.
He is wearing a +2 hat of see invisible.
Gastronok waves his eye-stalks in wide circles.
The air twists around and strikes you!!
* * * LOW HITPOINT WARNING * * *
Aiming: Iceblast
Press: ? - help, Q - select action, (/) - cycle Shift-Dir - straight line, f - Gastronok
Aim: Gastronok, wearing a +2 hat of see invisible The mass of ice explodes!
The iceblast engulfs Gastronok!
Gastronok is lightly wounded.
Your skin crawls.
You feel strong-willed.
Found a potion of haste.
You hit Gastronok. You freeze Gastronok.
Gastronok is lightly wounded.
You puncture Gastronok! You freeze Gastronok.
Gastronok is moderately wounded.
Gastronok casts a spell.
Gastronok puts on a burst of speed!
You puncture Gastronok! You freeze Gastronok. You claw Gastronok.
Gastronok is moderately wounded.
You puncture Gastronok! You freeze Gastronok. You peck Gastronok.
Gastronok is heavily wounded.
You hit Gastronok. You freeze Gastronok.
Gastronok is heavily wounded.
Gastronok bites you!!
* * * LOW HITPOINT WARNING * * *
You puncture Gastronok! You freeze Gastronok! You claw Gastronok.
Gastronok is severely wounded.
You completely miss Gastronok. You claw Gastronok.
Gastronok is severely wounded.
Gastronok waves his eye-stalks in wide circles.
The air twists around and strikes you!!
You die...

...............##>.###
................###...#
...............P.# #..##
.................####'#P
b.......................
.!.............†........
........................
........................
.......@................
.......w...####.........
#..........# #.........
####.#'#..## #.........
##.....# ####'###..
#.##.## #...# ## #. ###
####.#.#### ..
###..........
#............


You could see Gastronok (swift).

Vanquished Creatures
  A two-headed ogre (D:6)
  A deep elf pyromancer (D:8)
  Pikel (D:7)
  A cane toad (Lair:1)
  Prince Ribbit (D:8)
  3 yaks (Lair:1)
  2 steam dragons
  A water moccasin (D:8)
  A black bear (D:7)
  2 sky beasts
  2 orc warriors (D:6)
  An ice beast (D:7)
  An ogre (D:6)
  2 phantoms
  A kobold brigand (D:7)
  A bullfrog (Lair:1)
  2 scorpions (D:6)
  2 gnoll sergeants
  5 killer bees (D:8)
  A howler monkey (D:6)
  An orc priest (D:8)
  2 hounds (D:6)
  An iguana (D:6)
  3 sleepcaps (D:6)
  7 orc wizards
  13 gnolls
  4 adders
  2 shadow imps (D:6)
  4 white imps
  2 ufetubi (D:6)
  6 orcs
  4 endoplasms
  A giant cockroach (D:2)
  4 goblins (D:1)
  5 hobgoblins
  3 kobolds
  A quokka (D:1)
  3 bats
  A frilled lizard (D:2)
  6 rats
105 creatures vanquished.

Vanquished Creatures (collateral kills)
  2 yaks (Lair:1)
  A killer bee (D:8)
  An orc wizard (D:6)
  A gnoll (D:7)
  3 orcs (D:6)
8 creatures vanquished.

Vanquished Creatures (others)
  A scorpion (D:6)
  A gnoll (D:7)
2 creatures vanquished.

Grand Total: 115 creatures vanquished

Notes
Turn   | Place    | Note
-------+----------+-------------------------------------------
     0 | D:1      | dimizboga the Tengu Berserker began the quest for the Orb.
     0 | D:1      | Reached XP level 1. HP: 14/14 MP: 2/2
   209 | D:1      | Reached XP level 2. HP: 17/19 MP: 3/3
   586 | D:2      | Found a faded altar of an unknown god.
   639 | D:2      | Reached ** piety under Trog
   680 | D:2      | Reached XP level 3. HP: 23/23 MP: 4/4
  1222 | D:2      | Found Fualiagu's Assorted Antiques.
  1418 | D:3      | You fall into a shaft and drop 3 floors!
  1578 | D:6      | Reached skill level 3 in Armour
  1578 | D:6      | Reached XP level 4. HP: 29/29 MP: 5/5
  1606 | D:6      | Gained mutation: Your magical nature lets you fly swiftly
                  | and evasively. [Tengu growth]
  1606 | D:6      | Reached XP level 5. HP: 33/33 MP: 6/6
  1617 | D:6      | Noticed a two-headed ogre
  1631 | D:6      | Killed a two-headed ogre
  1632 | D:6      | Reached skill level 5 in Armour
  1632 | D:6      | Reached XP level 6. HP: 27/39 MP: 7/7
  1632 | D:6      | Reached XP level 7. HP: 31/44 MP: 8/8
  1638 | D:6      | Reached XP level 8. HP: 38/48 MP: 9/9
  1648 | D:6      | Reached skill level 6 in Armour
  1659 | D:6      | Reached skill level 5 in Fighting
  1824 | D:6      | Reached *** piety under Trog
  1830 | D:6      | Reached skill level 7 in Armour
  2301 | D:7      | Reached XP level 9. HP: 54/54 MP: 10/10
  2323 | D:7      | Reached skill level 8 in Armour
  2345 | D:7      | Noticed Pikel
  2352 | D:7      | Killed Pikel
  2846 | D:7      | Gained mutation: Armour fits poorly on your strangely
                  | shaped body. [potion of mutation]
  2846 | D:7      | Gained mutation: You are weak. (Str -2) [potion of
                  | mutation]
  2846 | D:7      | Gained mutation: Your body sometimes deteriorates upon
                  | taking damage. [potion of mutation]
  2846 | D:7      | Gained mutation: Your spells are a little harder to cast,
                  | but a little more powerful. [potion of mutation]
  3253 | D:8      | Noticed Prince Ribbit
  3262 | D:8      | Reached skill level 9 in Armour
  3275 | D:8      | Killed Prince Ribbit
  3333 | D:8      | Noticed a deep elf pyromancer
  3339 | D:8      | Killed a deep elf pyromancer
  3340 | D:8      | Reached skill level 10 in Polearms
  3340 | D:8      | Reached skill level 10 in Armour
  3340 | D:8      | Reached XP level 10. HP: 59/61 MP: 11/11
  3359 | D:8      | Identified a scroll of acquirement
  3360 | D:8      | Acquired the +0 hat "Ciagarug" {Contam rF+ Str+6}
  3482 | D:8      | Identified the +2 robe "Janivemeu" {rF+ Regen+ Int-4 SInv}
  3592 | D:8      | Found a staircase to the Lair.
  3606 | Lair:1   | Entered Level 1 of the Lair of Beasts
  3617 | Lair:1   | Noticed a cane toad
  3621 | Lair:1   | Killed a cane toad
  3705 | Lair:1   | Reached skill level 11 in Armour
  3739 | Lair:1   | Noticed Gastronok
  3752 | Lair:1   | Killed from afar by Gastronok

Illustrated notes

Levels and vault maps discovered:
D:1:      evilmike_arrival_crescent, layout_loops_cross, minmay_hexomino_p4
D:2:      layout_basic, ebering_ecumenical_altar_abandoned, serial_shops, shop
D:3:      layout_rooms, serial_shops, shop
D:6:      layout_loops_ring, minmay_joined_circles
D:7:      layout_cave_pools, kennysheep_generic_room_14, uniq_pikel
D:8:      hellmonk_ruined_rings, layout_loops_ring, serial_rivers,
          chequers_serial_rivers_room_b, chequers_serial_rivers_micro_d,
          chequers_serial_rivers_room_a, chequers_serial_rivers_small_a,
          chequers_serial_rivers_room_a, serial_park_tiny_pond,
          minmay_nine_imps, uniq_prince_ribbit1
Lair:1:   layout_roguey [special_room_bee], infiniplex_staircase_pool_2,
          lemuel_fruit_fields, uniq_gastronok

Skill      XL: |  1  2  3  4  5  6  7  8  9 10 |
---------------+-------------------------------+-----
Polearms       | 4 6 8 10 | 10.8
Armour         | 3 5 7 10 11 | 11.1
Fighting       | 4 5 6 |  6.7
Dodging        | 3 4 |  4.4

Action                     |  1- 3 |  4- 6 |  7- 9 | 10-12 || total
---------------------------+-------+-------+-------+-------++-------
  Melee: Spear             |    61 |    30 |    61 |       ||   152
         Peck              |     9 |     4 |    32 |     6 ||    51
         Kick              |    13 |     6 |    43 |    20 ||    82
         Trident           |       |       |   111 |    51 ||   162
  Throw: Boomerang         |       |       |     3 |       ||     3
 Invoke: Berserk           |       |     1 |     3 |       ||     4
         Trog's Hand       |       |       |     1 |     1 ||     2
  Evoke: Wand              |       |       |       |     1 ||     1
    Use: Scroll            |     6 |       |     4 |     2 ||    12
         Potion            |     2 |       |     6 |       ||     8
   Stab: Distracted        |       |       |     1 |       ||     1
 Armour: Ring mail         |     3 |       |       |       ||     3
         Animal skin       |     1 |       |       |       ||     1
         Scale mail        |     2 |     9 |    13 |       ||    24
         Plate armour      |       |       |    42 |    20 ||    62
  Dodge: Dodged            |    13 |    10 |    52 |    22 ||    97
